 Dungeon Crawl Stone Soup version 0.29-a0-322-g68df515428 (webtiles) character file.

Game seed: 14843975982507159706

15211 sanka the Nimble (level 12, -9/94 HPs)
             Began as a Gnoll Gladiator on Apr 9, 2022.
             Was an Elder of Ignis.
             Mangled by a white ugly thing (13 damage)
             ... on level 9 of the Dungeon.
             The game lasted 00:22:40 (10917 turns).

sanka the Nimble (Gnoll Gladiator)                 Turns: 10917, Time: 00:22:41

Health: -9/94      AC: 15    Str: 14    XL:     12   Next: 24%
Magic:  22/22      EV: 19    Int: 13    God:    Ignis [****..]
Gold:   346        SH: 12    Dex: 23    Spells: 15/25 levels left

rFire   + . .      SeeInvis .   b - +1 falchion (elec)
rCold   . . .      Faith    .   O - +0 buckler
rNeg    . . .      Spirit   .   U - +0 troll leather armour
rPois   +          Reflect  +   c - +0 helmet
rElec   .          Harm     .   l - +2 cloak
rCorr   .          Rampage  +   B - +4 pair of gloves of Weightlessness {Rampage rPois Int+4}
Will    .....                   (no boots)
Stlth   ++++......              i - amulet of reflection
HPRegen 1.05/turn               j - +6 ring of dexterity
MPRegen 0.18/turn               I - ring of wizardry

@: no status effects
A: fangs 1, strong nose, distributed training
a: Renounce Religion, Fiery Armour, Foxfire Swarm, Rising Flame


You were on level 9 of the Dungeon.
You worshipped Ignis.
Ignis was greatly pleased with you.
You visited 1 branch of the dungeon, and saw 9 of its levels.

You collected 588 gold pieces.
You spent 242 gold pieces at shops.


Innate Abilities, Weirdness & Mutations

You have very sharp teeth.
Your uncanny sense of smell can sniff out nearby items.
Your experience applies equally to all skills.


   Skills:
 + Level 8.5 Fighting
 + Level 7.1 Short Blades
 + Level 9.7 Long Blades
 + Level 7.1 Axes
 + Level 7.1 Maces & Flails
 + Level 7.1 Polearms
 + Level 7.1 Staves
 + Level 7.1 Slings
 + Level 7.1 Bows
 + Level 7.1 Crossbows
 + Level 8.5 Throwing
 + Level 7.1 Armour
 + Level 9.7 Dodging
 + Level 7.1 Stealth
 + Level 7.1 Shields
 + Level 7.1 Unarmed Combat
 + Level 7.1 Spellcasting
 + Level 5.9 Conjurations
 + Level 5.9 Hexes
 + Level 5.9 Summonings
 + Level 5.9 Necromancy
 + Level 5.9 Translocations
 + Level 5.9 Transmutations
 + Level 5.9 Fire Magic
 + Level 5.9 Ice Magic
 + Level 5.9 Air Magic
 + Level 5.9 Earth Magic
 + Level 5.9 Poison Magic
 + Level 7.8 Invocations
 + Level 7.1 Evocations


You had 15 spell levels left.
You knew the following spells:

 Your Spells              Type           Power      Damage    Failure   Level
b - Blink                 Tloc           40%        N/A       1%          2
s - Swiftness             Air            20%        N/A       2%          3
y - Lesser Beckoning      Tloc           20%        N/A       2%          3
N - Passwall              Tmut/Erth      16%        N/A       1%          2

Your spell library contained the following spells:

 Spells                   Type           Power      Damage    Failure   Level
 Summon Small Mammal      Summ           80%        N/A       1%          1
 Ensorcelled Hibernation  Hex/Ice        40%        N/A       1%          2
 Scorch                   Fire           40%        2d7       1%          2
 Call Canine Familiar     Summ           20%        N/A       2%          3
 Gell's Gravitas          Tloc           20%        N/A       2%          3
 Portal Projectile        Hex/Tloc       40%        N/A       2%          3
 Summon Guardian Golem    Hex/Summ       20%        N/A       2%          3
 Teleport Other           Tloc           20%        N/A       2%          3
 Tukima's Dance           Hex            20%        N/A       2%          3
 Anguish                  Hex/Necr       10%        N/A       9%          4
 Flame Wave               Conj/Fire      20%        2d7       9%          4
 Leda's Liquefaction      Hex/Erth       10%        N/A       9%          4
 Manifold Assault         Tloc           20%        N/A       22%         5
 Summon Cactus Giant      Summ           10%        N/A       73%         6
 Enfeeble                 Hex            10%        N/A       99%         7
 Storm Form               Tmut/Air       10%        N/A       99%         7

Inventory:

Hand Weapons
 b - a +1 falchion of electrocution (weapon)
 M - a +0 dire flail
 Z - a +0 scimitar
Missiles
 e - 5 javelins
 p - 5 silver boomerangs
 C - 3 throwing nets {=f}
 E - 35 poisoned darts
 R - a curare-tipped dart {=f}
Armour
 c - a +0 helmet (worn)
 l - a +2 cloak (worn)
 y - the +3 hat of Pondering {ponderous, Will+ MP+10 Int+5}

   Int:       It affects your intelligence (+5).
   MP:        It affects your magic capacity (+10).
   Will:      It increases your willpower.
 B - the +4 pair of gloves of Weightlessness (worn) {Rampage rPois Int+4}

   Int:       It affects your intelligence (+4).
   rPois:     It protects you from poison.
   Rampage:   It bestows one free step when moving towards enemies.
 O - a +0 buckler (worn)
 P - +0 steam dragon scales
 U - a +0 troll leather armour (worn)
Magical Staves
 s - a staff of cold
 J - a staff of air
 N - a staff of fire
 X - a staff of poison
Jewellery
 g - a ring of fire
 i - an amulet of reflection (around neck)
 j - a +6 ring of dexterity (left hand)
 t - an amulet of the acrobat
 I - a ring of wizardry (right hand)
 W - a ring of ice
Wands
 o - a wand of polymorph (11)
 q - a wand of acid (10) (quivered)
 r - a wand of paralysis (7)
 F - a wand of charming (10)
 G - a wand of iceblast (14)
 Q - a wand of flame (3)
Scrolls
 d - a scroll of vulnerability {!r}
 f - 2 scrolls of blinking
 m - a scroll of magic mapping
 n - 3 scrolls of holy word
 x - 2 scrolls of silence {!r}
 D - a scroll of enchant weapon
 S - a scroll of teleportation {@r4}
 T - 3 scrolls of enchant armour
 V - a scroll of amnesia
Potions
 u - 3 potions of mutation {!q}
 v - a potion of flight
 w - 3 potions of berserk rage {!q}
 z - 3 potions of heal wounds {@q2}
 A - 13 potions of curing {@q1}
 H - 2 potions of might
 K - 3 potions of haste {@q3}
 L - 2 potions of lignification {!q}
 Y - 3 potions of magic

Dungeon Overview and Level Annotations

Branches:
Dungeon (9/15)             Temple (0/1) D:5            Lair (0/6) D:8
    Orc: D:9-12

Altars:
Ashenzari
Ru
Vehumet
Yredelemnul
Zin
Ignis

Shops:
D:3 * D:5

!! ▒▒...▒▒ ▒▒.....▒▒
▒▒.......▒▒ ..
.▒▒.........▒▒▒ ..
.'.........'. ..
▒.........▒ ▒......u▒
▒....g▒ ▒▒...▒▒ ▒▒'▒▒
▒▒ ▒▒▒▒▒▒▒▒▒.▒▒▒▒▒
.... .............▒
▒▒'▒ ▒▒▒'▒▒▒▒▒'▒▒▒.▒▒
8...8▒.▒▒..▒8.8.8▒...
..▒..▒..▒▒.▒.8.8.▒..▒
.▒ ▒.'.▒.▒.'8.8.8'..▒


You could see a white ugly thing.


Message History

You barely miss the white ugly thing.
The white ugly thing is almost dead.
The white ugly thing misses you.
You hit the white ugly thing but do no damage.
Your bite misses the white ugly thing.
The white ugly thing is almost dead.
The white ugly thing barely misses you.
You slash the white ugly thing!
The white ugly thing is almost dead.
You block the white ugly thing's attack.
You closely miss the white ugly thing.
The white ugly thing is almost dead.
The white ugly thing barely misses you.
You hit the white ugly thing.
The white ugly thing is almost dead.
The white ugly thing headbutts you!
* * * LOW HITPOINT WARNING * * *
The white ugly thing freezes you!
* * * LOW HITPOINT WARNING * * *
You barely miss the white ugly thing.
The white ugly thing is almost dead.
The white ugly thing misses you.
You hit the white ugly thing but do no damage.
The white ugly thing is almost dead.
You barely miss the white ugly thing.
The white ugly thing is almost dead.
The white ugly thing headbutts you!
* * * LOW HITPOINT WARNING * * *
The white ugly thing freezes you!
You die...

Action                   |  1- 3 |  4- 6 |  7- 9 | 10-12 || total
-------------------------+-------+-------+-------+-------++-------
Melee: Long sword        |    79 |       |    14 |       ||    93
       Punch             |     1 |     1 |    14 |       ||    16
       Bite              |     4 |    11 |    31 |    84 ||   130
       Falchion          |    12 |   108 |   271 |   505 ||   896
Throw: Throwing net      |       |     3 |     1 |       ||     4
       Boomerang         |       |       |     2 |       ||     2
       Javelin           |       |       |     1 |       ||     1
       Dart              |       |       |     9 |     6 ||    15
 Cast: Passwall          |       |       |       |     1 ||     1
       Lesser Beckoning  |       |       |       |     1 ||     1
Invok: Fiery Armour      |       |       |       |     3 ||     3
Evoke: Wand              |       |       |       |     7 ||     7
  Use: Scroll            |       |       |       |    17 ||    17
 Stab: Sleeping          |     6 |     3 |     8 |     3 ||    20
       Held in net/web   |       |       |     1 |       ||     1
       Distracted        |       |       |       |     3 ||     3
Armor: Leather armour    |    21 |    18 |    68 |     2 ||   109
       Steam dragon scal |       |       |       |    93 ||    93
       Troll leather arm |       |       |       |    29 ||    29
Dodge: Dodged            |    53 |    76 |   201 |   255 ||   585
Block: Other             |    16 |     1 |       |       ||    17
       Reflection        |     1 |       |     1 |    14 ||    16
       Buckler           |       |       |    17 |   247 ||   264

Levels and vault maps discovered:
D:1:      erik_arrival_cave_to_civilisation [erik_arrival_cave_to_hall],
          layout_basic, hellmonk_ecumenical_altar_arch_garden, serial_glass,
          glass_columns_a, glass_columns_a
D:2:      layout_loops_ring, minmay_misc_feat_plants
D:3:      layout_basic, chequers_temple_overflow_statue_of_worship,
          serial_shops, nicolae_lakefront_shop
D:4:      layout_loops_corners, uniq_grinder
D:5:      layout_rooms, minmay_temple_entry_antechambers, serial_shops, shop,
          nicolae_shop_behind_doors
D:6:      layout_loops_ring
D:7:      layout_cave_pools
D:8:      layout_loops_ring, minmay_lair_entry_grove, uniq_maurice
D:9:      minmay_the_grid_square_5x5_4x4
          [minmay_the_grid_square_5x5_checkered_statues,
          minmay_the_grid_square_5x5_z, minmay_the_grid_square_5x5_shrine2,
          minmay_the_grid_square_5x5_two_walls_b,
          minmay_the_grid_square_5x5_two,
          minmay_the_grid_square_5x5_prize_pseudospiral,
          minmay_the_grid_square_5x5_prize_itemx,
          minmay_the_grid_square_5x5_checkered,
          minmay_the_grid_square_5x5_two_small,
          minmay_the_grid_square_5x5_prize_deathbox,
          minmay_the_grid_square_5x5_prize_open,
          minmay_the_grid_square_5x5_shrine1,
          minmay_the_grid_square_5x5_two_walls_a,
          minmay_the_grid_square_5x5_six, minmay_the_grid_square_5x5_bridge,
          minmay_the_grid_square_5x5_empty], layout_loops_corners,
          general_overflow_altar, lemuel_round_altar, minmay_bent,
          uniq_gastronok

Notes
Turn   | Place    | Note
-------+----------+-------------------------------------------
     0 | D:1      | sanka the Gnoll Gladiator began the quest for the Orb.
     0 | D:1      | Reached XP level 1. HP: 20/20 MP: 1/1
   154 | D:1      | Reached XP level 2. HP: 26/26 MP: 2/2
   390 | D:2      | Reached XP level 3. HP: 31/31 MP: 3/3
   511 | D:1      | Reached skill level 1 in Invocations
   624 | D:1      | Found a faded altar of an unknown god.
  1066 | D:1      | Reached skill level 1 in Short Blades
  1066 | D:1      | Reached skill level 1 in Axes
  1066 | D:1      | Reached skill level 1 in Maces & Flails
  1066 | D:1      | Reached skill level 1 in Polearms
  1066 | D:1      | Reached skill level 1 in Staves
  1066 | D:1      | Reached skill level 1 in Slings
  1066 | D:1      | Reached skill level 1 in Bows
  1066 | D:1      | Reached skill level 1 in Crossbows
  1066 | D:1      | Reached skill level 1 in Armour
  1066 | D:1      | Reached skill level 1 in Stealth
  1066 | D:1      | Reached skill level 1 in Shields
  1066 | D:1      | Reached skill level 1 in Unarmed Combat
  1066 | D:1      | Reached skill level 1 in Spellcasting
  1066 | D:1      | Reached skill level 1 in Evocations
  1296 | D:1      | Prayed at the altar of an unknown god.
  1296 | D:1      | Became a worshipper of Ignis, the Dying Flame
  1618 | D:2      | Reached XP level 4. HP: 38/38 MP: 5/5
  1891 | D:3      | Learned a level 2 spell: Passwall
  1895 | D:3      | Learned a level 3 spell: Swiftness
  2204 | D:3      | Found a sacrificial altar of Ru.
  2206 | D:3      | Found a broken altar of Ashenzari.
  2218 | D:3      | Found a glowing silver altar of Zin.
  2219 | D:3      | Found a basalt altar of Yredelemnul.
  2331 | D:3      | Found Leiponkacy's Assorted Antiques.
  2608 | D:4      | Reached skill level 1 in Conjurations
  2608 | D:4      | Reached skill level 1 in Hexes
  2608 | D:4      | Reached skill level 1 in Summonings
  2608 | D:4      | Reached skill level 1 in Necromancy
  2608 | D:4      | Reached skill level 1 in Translocations
  2608 | D:4      | Reached skill level 1 in Transmutations
  2608 | D:4      | Reached skill level 1 in Fire Magic
  2608 | D:4      | Reached skill level 1 in Ice Magic
  2608 | D:4      | Reached skill level 1 in Air Magic
  2608 | D:4      | Reached skill level 1 in Earth Magic
  2608 | D:4      | Reached skill level 1 in Poison Magic
  2819 | D:4      | Identified the +4 pair of gloves of Weightlessness {Rampage
                  | rPois Int+4}
  2909 | D:4      | Reached XP level 5. HP: 31/43 MP: 5/7
  3002 | D:4      | Noticed Grinder
  3013 | D:4      | Killed Grinder
  3014 | D:4      | Reached skill level 5 in Fighting
  3014 | D:4      | Reached skill level 2 in Short Blades
  3014 | D:4      | Reached skill level 2 in Axes
  3014 | D:4      | Reached skill level 2 in Maces & Flails
  3014 | D:4      | Reached skill level 2 in Polearms
  3014 | D:4      | Reached skill level 2 in Staves
  3014 | D:4      | Reached skill level 2 in Slings
  3014 | D:4      | Reached skill level 2 in Bows
  3014 | D:4      | Reached skill level 2 in Crossbows
  3014 | D:4      | Reached skill level 5 in Throwing
  3014 | D:4      | Reached skill level 2 in Armour
  3014 | D:4      | Reached skill level 2 in Stealth
  3014 | D:4      | Reached skill level 2 in Shields
  3014 | D:4      | Reached skill level 2 in Unarmed Combat
  3014 | D:4      | Reached skill level 2 in Spellcasting
  3014 | D:4      | Reached skill level 2 in Invocations
  3014 | D:4      | Reached skill level 2 in Evocations
  3014 | D:4      | Reached XP level 6. HP: 51/51 MP: 7/9
  3491 | D:5      | Entered Level 5 of the Dungeon
  3627 | D:5      | Reached XP level 7. HP: 56/56 MP: 10/10
  3656 | D:5      | Reached skill level 7 in Long Blades
  3656 | D:5      | Reached skill level 7 in Dodging
  3656 | D:5      | Reached skill level 2 in Conjurations
  3656 | D:5      | Reached skill level 2 in Hexes
  3656 | D:5      | Reached skill level 2 in Summonings
  3656 | D:5      | Reached skill level 2 in Necromancy
  3656 | D:5      | Reached skill level 2 in Translocations
  3656 | D:5      | Reached skill level 2 in Transmutations
  3656 | D:5      | Reached skill level 2 in Fire Magic
  3656 | D:5      | Reached skill level 2 in Ice Magic
  3656 | D:5      | Reached skill level 2 in Air Magic
  3656 | D:5      | Reached skill level 2 in Earth Magic
  3656 | D:5      | Reached skill level 2 in Poison Magic
  3747 | D:5      | Found Unetipn's Distillery.
  3765 | D:5      | Bought a potion of heal wounds for 55 gold pieces
  3765 | D:5      | Bought a potion of might for 44 gold pieces
  3867 | D:5      | Found a staircase to the Ecumenical Temple.
  4036 | D:5      | Found Anoim's Distillery.
  4039 | D:5      | Bought a potion of curing for 33 gold pieces
  4039 | D:5      | Bought a potion of haste for 110 gold pieces
  4206 | D:6      | Reached skill level 3 in Invocations
  4264 | D:6      | Reached skill level 3 in Short Blades
  4264 | D:6      | Reached skill level 3 in Axes
  4264 | D:6      | Reached skill level 3 in Maces & Flails
  4264 | D:6      | Reached skill level 3 in Polearms
  4264 | D:6      | Reached skill level 3 in Staves
  4264 | D:6      | Reached skill level 3 in Slings
  4264 | D:6      | Reached skill level 3 in Bows
  4264 | D:6      | Reached skill level 3 in Crossbows
  4264 | D:6      | Reached skill level 3 in Armour
  4264 | D:6      | Reached skill level 3 in Stealth
  4264 | D:6      | Reached skill level 3 in Shields
  4264 | D:6      | Reached skill level 3 in Unarmed Combat
  4264 | D:6      | Reached skill level 3 in Spellcasting
  4264 | D:6      | Reached skill level 3 in Evocations
  4264 | D:6      | Reached XP level 8. HP: 49/63 MP: 12/12
  4711 | D:6      | Reached skill level 4 in Invocations
  4712 | D:6      | Reached skill level 3 in Conjurations
  4712 | D:6      | Reached skill level 3 in Hexes
  4712 | D:6      | Reached skill level 3 in Summonings
  4712 | D:6      | Reached skill level 3 in Necromancy
  4712 | D:6      | Reached skill level 3 in Translocations
  4712 | D:6      | Reached skill level 3 in Transmutations
  4712 | D:6      | Reached skill level 3 in Fire Magic
  4712 | D:6      | Reached skill level 3 in Ice Magic
  4712 | D:6      | Reached skill level 3 in Air Magic
  4712 | D:6      | Reached skill level 3 in Earth Magic
  4712 | D:6      | Reached skill level 3 in Poison Magic
  4991 | D:6      | Reached skill level 6 in Fighting
  4991 | D:6      | Reached skill level 6 in Throwing
  5158 | D:6      | Reached XP level 9. HP: 65/69 MP: 14/14
  5465 | D:6      | Reached skill level 4 in Short Blades
  5465 | D:6      | Reached skill level 4 in Axes
  5465 | D:6      | Reached skill level 4 in Maces & Flails
  5465 | D:6      | Reached skill level 4 in Polearms
  5465 | D:6      | Reached skill level 4 in Staves
  5465 | D:6      | Reached skill level 4 in Slings
  5465 | D:6      | Reached skill level 4 in Bows
  5465 | D:6      | Reached skill level 4 in Crossbows
  5465 | D:6      | Reached skill level 4 in Armour
  5465 | D:6      | Reached skill level 4 in Stealth
  5465 | D:6      | Reached skill level 4 in Shields
  5465 | D:6      | Reached skill level 4 in Unarmed Combat
  5465 | D:6      | Reached skill level 4 in Spellcasting
  5465 | D:6      | Reached skill level 4 in Evocations
  6013 | D:7      | Identified the +4 falchion of Byciq {vorpal, *Corrode
                  | Str+6}
  6186 | D:7      | Reached skill level 8 in Long Blades
  6186 | D:7      | Reached skill level 8 in Dodging
  6504 | D:8      | Reached skill level 5 in Invocations
  6613 | D:8      | Noticed Maurice
  6624 | D:8      | Reached skill level 4 in Conjurations
  6624 | D:8      | Reached skill level 4 in Hexes
  6624 | D:8      | Reached skill level 4 in Summonings
  6624 | D:8      | Reached skill level 4 in Necromancy
  6624 | D:8      | Reached skill level 4 in Translocations
  6624 | D:8      | Reached skill level 4 in Transmutations
  6624 | D:8      | Reached skill level 4 in Fire Magic
  6624 | D:8      | Reached skill level 4 in Ice Magic
  6624 | D:8      | Reached skill level 4 in Air Magic
  6624 | D:8      | Reached skill level 4 in Earth Magic
  6624 | D:8      | Reached skill level 4 in Poison Magic
  6624 | D:8      | Reached XP level 10. HP: 77/77 MP: 17/17
  6671 | D:8      | Killed Maurice
  6681 | D:8      | Identified +0 steam dragon scales
  6682 | D:8      | Reached skill level 5 in Short Blades
  6682 | D:8      | Reached skill level 5 in Axes
  6682 | D:8      | Reached skill level 5 in Maces & Flails
  6682 | D:8      | Reached skill level 5 in Polearms
  6682 | D:8      | Reached skill level 5 in Staves
  6682 | D:8      | Reached skill level 5 in Slings
  6682 | D:8      | Reached skill level 5 in Bows
  6682 | D:8      | Reached skill level 5 in Crossbows
  6682 | D:8      | Reached skill level 5 in Armour
  6682 | D:8      | Reached skill level 5 in Stealth
  6682 | D:8      | Reached skill level 5 in Shields
  6682 | D:8      | Reached skill level 5 in Unarmed Combat
  6682 | D:8      | Reached skill level 5 in Spellcasting
  6682 | D:8      | Reached skill level 5 in Evocations
  6874 | D:8      | Reached skill level 7 in Fighting
  6874 | D:8      | Reached skill level 7 in Throwing
  7036 | D:8      | Found a staircase to the Lair.
  7979 | D:8      | Reached skill level 6 in Invocations
  8319 | D:8      | Learned a level 3 spell: Lesser Beckoning
  8322 | D:8      | Learned a level 2 spell: Blink
  8344 | D:9      | Noticed Gastronok
  8367 | D:9      | Killed Gastronok
  8368 | D:9      | Reached XP level 11. HP: 23/84 MP: 19/19
  8776 | D:9      | Noticed a white ugly thing
  8776 | D:9      | Noticed a deep elf pyromancer
  8807 | D:9      | Killed a deep elf pyromancer
  8808 | D:9      | Reached skill level 6 in Short Blades
  8808 | D:9      | Reached skill level 9 in Long Blades
  8808 | D:9      | Reached skill level 6 in Axes
  8808 | D:9      | Reached skill level 6 in Maces & Flails
  8808 | D:9      | Reached skill level 6 in Polearms
  8808 | D:9      | Reached skill level 6 in Staves
  8808 | D:9      | Reached skill level 6 in Slings
  8808 | D:9      | Reached skill level 6 in Bows
  8808 | D:9      | Reached skill level 6 in Crossbows
  8808 | D:9      | Reached skill level 6 in Armour
  8808 | D:9      | Reached skill level 9 in Dodging
  8808 | D:9      | Reached skill level 6 in Stealth
  8808 | D:9      | Reached skill level 6 in Shields
  8808 | D:9      | Reached skill level 6 in Unarmed Combat
  8808 | D:9      | Reached skill level 6 in Spellcasting
  8808 | D:9      | Reached skill level 6 in Evocations
  8844 | D:9      | Reached skill level 5 in Conjurations
  8844 | D:9      | Reached skill level 5 in Hexes
  8844 | D:9      | Reached skill level 5 in Summonings
  8844 | D:9      | Reached skill level 5 in Necromancy
  8844 | D:9      | Reached skill level 5 in Translocations
  8844 | D:9      | Reached skill level 5 in Transmutations
  8844 | D:9      | Reached skill level 5 in Fire Magic
  8844 | D:9      | Reached skill level 5 in Ice Magic
  8844 | D:9      | Reached skill level 5 in Air Magic
  8844 | D:9      | Reached skill level 5 in Earth Magic
  8844 | D:9      | Reached skill level 5 in Poison Magic
  9129 | D:9      | Noticed a centaur warrior
  9140 | D:9      | Killed a centaur warrior
  9175 | D:9      | Noticed a fire crab
  9175 | D:9      | Noticed a centaur warrior
  9303 | D:9      | Killed a fire crab
  9306 | D:9      | Noticed a four-headed hydra
  9313 | D:9      | HP: 5/86 [centaur warrior/arrow (19)]
  9768 | D:9      | Found a radiant altar of Vehumet.
  9803 | D:9      | Reached skill level 7 in Invocations
  9805 | D:9      | Noticed a green ugly thing
  9868 | D:9      | Killed a four-headed hydra
  9868 | D:9      | Noticed a centaur warrior
  9869 | D:9      | Reached skill level 8 in Fighting
  9869 | D:9      | Reached skill level 8 in Throwing
  9872 | D:9      | Noticed a skeletal warrior
  9879 | D:9      | Killed a centaur warrior
 10601 | D:9      | Noticed a centaur warrior
 10605 | D:9      | Killed a centaur warrior
 10606 | D:9      | Reached XP level 12. HP: 84/94 MP: 22/22
 10740 | D:9      | Reached skill level 7 in Short Blades
 10740 | D:9      | Reached skill level 7 in Axes
 10740 | D:9      | Reached skill level 7 in Maces & Flails
 10740 | D:9      | Reached skill level 7 in Polearms
 10740 | D:9      | Reached skill level 7 in Staves
 10740 | D:9      | Reached skill level 7 in Slings
 10740 | D:9      | Reached skill level 7 in Bows
 10740 | D:9      | Reached skill level 7 in Crossbows
 10740 | D:9      | Reached skill level 7 in Armour
 10740 | D:9      | Reached skill level 7 in Stealth
 10740 | D:9      | Reached skill level 7 in Shields
 10740 | D:9      | Reached skill level 7 in Unarmed Combat
 10740 | D:9      | Reached skill level 7 in Spellcasting
 10740 | D:9      | Reached skill level 7 in Evocations
 10834 | D:9      | Killed a centaur warrior
 10917 | D:9      | HP: 4/94 [white ugly thing (12)]
 10917 | D:9      | Mangled by a white ugly thing

Vanquished Creatures
  Gastronok (D:9)
  A hydra (D:9)
  4 centaur warriors (D:9)
  A fire crab (shapeshifter) (D:9)
  A skeletal warrior (D:9)
  A deep elf pyromancer (D:9)
  Maurice (D:8)
  5 trolls
  A meliai (D:9)
  A hornet (D:9)
  Grinder (D:4)
  2 wyverns
  A shadow (D:9)
  A wraith (D:9)
  10 yaks
  5 basilisks
  2 steam dragons
  2 vampire mosquitoes
  8 water moccasins
  A black bear (D:6)
  2 sky beasts (D:6)
  3 orc warriors
  3 ice beasts
  An ogre (D:6)
  3 centaurs
  3 kobold brigands (D:9)
  7 bullfrogs
  A necrophage (D:5)
  2 gnoll sergeants
  2 scorpions (D:6)
  5 wights
  6 killer bees
  4 howler monkeys
  5 hounds
  A jelly (D:4)
  2 orc priests (D:9)
  4 gnoll shamans
  An iguana (D:6)
  8 orc wizards
  20 gnolls
  3 adders
  2 white imps
  2 dart slugs
  28 orcs
  9 ball pythons
  7 bats
  6 endoplasms
  5 giant cockroaches
  6 goblins
  7 hobgoblins
  6 jackals
  22 kobolds
  3 quokkas
  5 frilled lizards
  6 rats
250 creatures vanquished.

Vanquished Creatures (others)
  3 bushes (D:8)
  3 fungi (D:8)
  15 plants (D:8)
21 creatures vanquished.

Grand Total: 271 creatures vanquished
